 Dungeon Crawl Stone Soup version 0.28.0 (webtiles) character file.

Game seed: 905366431492812950

36 themarg the Caller (level 3, -1/36 HPs)
             Began as a Merfolk Summoner on Feb 10, 2022.
             Succumbed to an adder's poison
             ... on level 2 of the Dungeon.
             The game lasted 00:05:42 (1337 turns).

themarg the Caller (Merfolk Summoner)               Turns: 1337, Time: 00:05:42

Health: -1/36      AC: 21    Str:  8    XL:     3   Next: 37%
Magic:  5/6        EV:  2    Int: 16    God:
Gold:   42         SH:  0    Dex: 14    Spells: 2/6 levels left

rFire   . . .      SeeInvis .   g - +0 short sword
rCold   . . .      Faith    .   (no shield)
rNeg    . . .      Spirit   .   (armour currently unavailable)
rPois   +          Reflect  .   (helmet currently unavailable)
rElec   .          Harm     .   (cloak currently unavailable)
rCorr   .          Rampage  .   (gloves currently unavailable)
Will    .....      NoTele   +   (boots currently unavailable)
Stlth   ++........              (no amulet)
HPRegen 0.12/turn               (no ring)
MPRegen 0.10/turn               (no ring)

@: lethally poisoned (-1 -> -9), tree-form
A: stationary, stasis, torment immunity, boosted hp, (nimble swimmer 2),
(mertail)
a: no special abilities


You were on level 2 of the Dungeon.
You were a tree.
You visited 1 branch of the dungeon, and saw 2 of its levels.

You collected 42 gold pieces.

Inventory:

Hand Weapons
 f - a +0 club
 g - a +0 short sword (weapon)
Armour
 a - a +0 robe (melded)
 b - an orb of energy
Jewellery
 e - a +6 ring of intelligence
Scrolls
 c - a scroll of teleportation {unknown}
 h - a scroll of silence {unknown}
 j - a scroll of fear {unknown}
Potions
 d - a potion of lignification
 i - a potion of attraction {unknown}


   Skills:
 + Level 0.2 Short Blades
 + Level 0.2 Maces & Flails
 + Level 3.2 Dodging
 + Level 2.3 Stealth
 + Level 0.2 Unarmed Combat
 + Level 2.3 Spellcasting
 + Level 4.4 Summonings


You had 2 spell levels left.
You knew the following spells:

 Your Spells              Type           Power      Damage    Failure   Level
a - Summon Small Mammal   Summ           64%        N/A       3%          1
b - Call Canine Familiar  Summ           16%        N/A       10%         3

Your spell library contained the following spells:

 Spells                   Type           Power      Damage    Failure   Level
 Call Imp                 Summ           16%        N/A       4%          2
 Sublimation of Blood     Necr           1%         N/A       30%         2
 Summon Guardian Golem    Hex/Summ       9%         N/A       24%         3
 Summon Lightning Spire   Summ/Air       9%         N/A       63%         4
 Petrify                  Tmut/Erth      1%         N/A       89%         4
 Irradiate                Conj/Tmut      0%         3d13      99%         5


Dungeon Overview and Level Annotations

Branches:
Dungeon (2/15)

Altars:


Innate Abilities, Weirdness & Mutations

You are a tree.
Your roots penetrate the ground, keeping you stationary.
You cannot be teleported.
You are immune to unholy pain and torment.
Your maximum health is greatly increased.
Your equipment is partially melded.
((You are very nimble when in or above water. (Stealth+, EV+, Speed+++)))
((Your lower body shifts to a powerful aquatic tail in water.))


Message History

The adder is heavily wounded.
The adder closely misses you.
You completely miss the adder.
The adder is heavily wounded.
The adder bites you. The adder barely misses you.
You closely miss the adder.
The adder is heavily wounded.
The adder closely misses you.
You hit the adder but do no damage.
The adder is heavily wounded.
The adder bites you.
You are poisoned.
The adder poisons you! The adder bites you.
You closely miss the adder.
The adder is heavily wounded.
You feel sick. The adder bites you but does no damage.
You closely miss the adder.
The adder is heavily wounded.
You feel sick. The adder bites you.
You are more poisoned.
The adder poisons you! The adder bites you.
Casting: Summon Small Mammal (safe; 3% risk of failure)
Confirm with . or Enter, or press ? or * to list all spells.
You feel very sick. The adder bites you.
* * * LOW HITPOINT WARNING * * *
You are more poisoned.
The adder poisons you!
* * * LOW HITPOINT WARNING * * *
You feel very sick.
You swap places.
* * * LOW HITPOINT WARNING * * *
You feel very sick. The adder bites your quokka.
Your quokka bites the adder.
It was a potion of lignification.
You turn into a tree.
Your +0 robe melds into your body.
Your roots penetrate the ground.
* * * LOW HITPOINT WARNING * * *
You feel sick. The adder misses your quokka.
Your quokka bites the adder.
The adder dies!
You die...

#####.(...#.#
#.............
#.###.).....##
#.# ##...#..#
# #.# ##.##..#
#.##.#####.#
...
#......<..#.
##
####r###.#.##
#♣# #.# #.#
#.# ... ###


You could see a friendly quokka (summoned).

Vanquished Creatures
  A dart slug (D:1)
  2 ball pythons (D:1)
  An endoplasm (D:1)
  A hobgoblin (D:1)
  3 bats (D:1)
  A frilled lizard (D:1)
  2 rats (D:1)
11 creatures vanquished.

Vanquished Creatures (collateral kills)
  An adder (D:2)
  2 dart slugs (D:1)
  2 giant cockroaches (D:1)
  2 hobgoblins (D:1)
  A ball python (D:1)
  A goblin (D:1)
  A rat (D:1)
10 creatures vanquished.

Grand Total: 21 creatures vanquished

Notes
Turn   | Place    | Note
-------+----------+-------------------------------------------
     0 | D:1      | themarg the Merfolk Summoner began the quest for the Orb.
     0 | D:1      | Reached XP level 1. HP: 13/13 MP: 3/3
   455 | D:1      | Reached XP level 2. HP: 14/19 MP: 1/5
   967 | D:1      | Reached XP level 3. HP: 12/24 MP: 4/6
  1204 | D:1      | Learned a level 3 spell: Call Canine Familiar
  1289 | D:2      | Noticed a scorpion
  1336 | D:2      | HP: 1/36 [poisoned by an adder]
  1337 | D:2      | Succumbed to an adder's poison

Illustrated notes

Levels and vault maps discovered:
D:1:      dpeg_arrival_houses_and_road, layout_basic
D:2:      layout_loops_ring, hangedman_decor_push

Skill      XL: |  1  2 |
---------------+-------+-----
Dodging        | 3 |  3.2
Short Blades   | |  0.2
Maces & Flails | |  0.2
Stealth        | |  2.3
Unarmed Combat | |  0.2
Spellcasting   | |  2.3
Summonings     | |  4.4

Action                   || total
-------------------------++-------
Melee: Unarmed           ||    22
       Short sword       ||    40
       Club              ||     8
 Cast: Summon Small Mamm ||    22
  Use: Potion            ||     1
 Stab: Sleeping          ||     3
       Distracted        ||     1
Armor: Robe              ||    20
Dodge: Dodged            ||    70
